 Dungeon Crawl Stone Soup version 0.20.1-1-g8b1a95d (webtiles) character file.

168 empire the Shield-Bearer (level 5, 0/47 HPs)
             Began as a Minotaur Fighter on Oct 30, 2017.
             Slain by an orc warrior
             ... wielding a +0 trident
              (6 damage)
             ... on level 6 of the Dungeon.
             The game lasted 00:05:37 (3355 turns).

empire the Shield-Bearer (Minotaur Fighter)         Turns: 3355, Time: 00:05:38

Health: 0/47       AC:  8    Str: 20    XL:     5   Next: 24%
Magic:  4/4        EV:  8    Int: 10    God:
Gold:   170        SH:  9    Dex: 11    Spells: 4/4 levels left

rFire    . . .     SeeInvis .   a - +0 war axe
rCold    . . .     Gourm    .   c - +0 shield
rNeg     . . .     Faith    .   b - +0 scale mail
rPois    .         Spirit   .   (helmet restricted)
rElec    .         Reflect  .   D - +0 cloak
rCorr    .         Harm     .   (no gloves)
MR       .....                  (no boots)
Stlth    ..........             (no amulet)
Regen    0.2/turn               (no ring)
MPRegen  0.1/turn               (no ring)

@: brilliant, flying
A: retaliatory headbutt, horns 2
a: no special abilities


You were on level 6 of the Dungeon.
You were hungry.

You visited 2 branches of the dungeon, and saw 6 of its levels.

You collected 170 gold pieces.

Inventory:

Hand Weapons
 a - a +0 war axe (weapon)
 g - a cursed +0 club
 A - a +0 great mace
Armour
 b - a +0 scale mail (worn)
 c - a +0 shield (worn)
 D - a +0 cloak (worn)
Jewellery
 s - an uncursed ring of positive energy {unknown}
 u - a cursed ring of loudness {unknown}
 C - a cursed -3 ring of strength {unknown}
Scrolls
 e - 3 scrolls of teleportation {unknown}
 j - 2 scrolls of random uselessness {unknown}
 k - a scroll of fear {unknown}
 n - a scroll of amnesia {unknown}
 r - a scroll of noise {unknown}
 t - 2 scrolls of identify {unknown}
 x - a scroll of remove curse {unknown}
 y - a scroll of immolation {unknown}
Potions
 d - a potion of might
 h - 5 potions of brilliance
 i - a potion of haste {unknown}
 l - a potion of flight
 p - a potion of heal wounds {unknown}
 v - a potion of curing {unknown}
 w - a potion of magic {unknown}
 B - a potion of cancellation {unknown}
Comestibles
 f - 6 bread rations
 m - a royal jelly
 o - a meat ration
 q - 3 fruits


   Skills:
 + Level 4.3 Fighting
 * Level 4.1 Axes
 + Level 4.5 Armour
 + Level 1.8 Dodging
 + Level 4.6 Shields


You had 4 spell levels left.
You didn't know any spells.

Dungeon Overview and Level Annotations

Branches:
Dungeon (4/15)             Temple (1/1) D:4

Altars:
Ashenzari
Cheibriados
Dithmenos
Elyvilon
Fedhas
Gozag
Hepliaklqana
Kikubaaqudgha
Makhleb
Okawaru
Qazlal
Zin
The Shining One

Shops:
D:6 *(=

Annotations:
D:6 Prince Ribbit


Innate Abilities, Weirdness & Mutations

You reflexively headbutt those who attack you in melee.
You have a pair of horns on your head.


Message History

You closely miss the orc warrior. Your headbutt misses the orc warrior.
You block the orc warrior's attack.
You closely miss the orc warrior.
You headbutt the orc warrior, but do no damage.
The orc warrior hits you with a trident!
* * * LOW HITPOINT WARNING * * *
Your shield prevents you from hitting the orc warrior.
Your headbutt misses the orc warrior. You block the orc warrior's attack.
You hit the orc warrior.
The orc warrior is lightly wounded.
The orc warrior barely misses you.
The orc warrior hits you with a trident!
* * * LOW HITPOINT WARNING * * *
It was a potion of brilliance.
You feel clever all of a sudden.
It was a potion of flight.
You feel very buoyant.
You fly up into the air.
The orc warrior hits you with a trident.
You die...

#.............
#####.########.#.# ##
.................. .
#####.########.#.#.# ##
#.# ###.#.#.##..# #.#
#............
#####.######.#.#.#.###.#
....................>...
######.#.###.#.#@#.#.##.
.......#.#...#.#o..#
########.#.....#..## #
#....####... ### #.#..#
##.## ..# #.#..# ..
..######.##.# ..
............# ...
..######.##.....


You could see an orc warrior.

Vanquished Creatures
  An orc priest (D:3)
  4 gnolls (D:3)
  An adder (D:3)
  A shadow imp (D:6)
  2 worms
  2 dart slugs
  3 leopard geckos
  4 orcs (D:3)
  8 bats
  7 giant cockroaches
  6 goblins
  5 hobgoblins
  8 jackals
  A ball python (D:4)
  6 frilled lizards
  7 kobolds
  5 rats
71 creatures vanquished.

Notes
Turn   | Place    | Note
-------+----------+-------------------------------------------
     0 | D:1      | empire the Minotaur Fighter began the quest for the Orb.
     0 | D:1      | Reached XP level 1. HP: 19/19 MP: 0/0
   200 | D:1      | Reached XP level 2. HP: 27/27 MP: 1/1
   856 | D:2      | Reached skill level 1 in Dodging
   921 | D:2      | Reached XP level 3. HP: 33/33 MP: 2/2
  1633 | D:3      | Reached XP level 4. HP: 25/40 MP: 3/3
  2212 | D:3      | Reached XP level 5. HP: 47/47 MP: 4/4
  2714 | D:4      | Found a staircase to the Ecumenical Temple.
  2736 | Temple   | Entered the Ecumenical Temple
  3042 | D:4      | Found a blossoming altar of Fedhas.
  3044 | D:4      | Noticed an ogre
  3062 | D:4      | You fall through a shaft for 2 floors!
  3129 | D:6      | Found Nuthe's Weapon Shop.
  3156 | D:6      | Found Nounesk's Assorted Antiques.
  3161 | D:6      | Found Ahegyeg's Jewellery Shoppe.
  3161 | D:6      | Noticed Prince Ribbit
  3341 | D:6      | Noticed an orc warrior
  3355 | D:6      | Slain by an orc warrior

Skill      XL: |  1  2  3  4  5 |
---------------+----------------+-----
Shields        | 4 |  4.6
Dodging        | 1 |  1.8
Fighting       | 4 |  4.3
Axes           | 3 4 |  4.1
Armour         | 4 |  4.5

Action                   |  1- 3 |  4- 6 || total
-------------------------+-------+-------++-------
Melee: War axe           |    82 |    88 ||   170
       Headbutt          |    15 |    10 ||    25
  Use: Potion            |       |     3 ||     3
  Eat: Chunk             |     2 |     5 ||     7
Armor: Scale mail        |    34 |    43 ||    77
Dodge: Dodged            |    24 |    33 ||    57
Block: Shield            |    40 |    53 ||    93
